 Dungeon Crawl Stone Soup version 0.29-a0-700-g2f1814c7b2 (webtiles) character file.

Game seed: 10260961969244178385

63 porpoise the Skirmisher (level 3, 0/30 HPs)
             Began as a Demonspawn Abyssal Knight on June 26, 2022.
             Was a Priest of Lugonu.
             Slain by an orc priest
             ... wielding a +0 trident
              (3 damage)
             ... on level 3 of the Dungeon.
             The game lasted 00:06:40 (2108 turns).

porpoise the Skirmisher (Demonspawn Abyssal Knight) Turns: 2108, Time: 00:06:41

Health: 0/30       AC:  7    Str: 15    XL:     3   Next: 89%
Magic:  4/4        EV: 11    Int: 11    God:    Lugonu [***...]
Gold:   89         SH:  0    Dex: 13    Spells: 2/2 levels left

rFire   . . .      SeeInvis .   a - +1 spear
rCold   . . .      Faith    .   (no shield)
rNeg    . . .      Spirit   .   l - +0 ring mail
rPois   .          Reflect  .   (no helmet)
rElec   .          Harm     .   (no cloak)
rCorr   .          Rampage  .   h - +1 pair of gloves
Will    +....                   (no boots)
Stlth   +.........              (no amulet)
HPRegen 0.10/turn               g - ring of willpower
MPRegen 0.09/turn               (no ring)

@: no status effects
A: demonic guardian 1, sturdy frame 1
a: Renounce Religion, Depart the Abyss, Bend Space, Banish


You were on level 3 of the Dungeon.
You worshipped Lugonu.
Lugonu was most pleased with you.
You visited 1 branch of the dungeon, and saw 3 of its levels.
You visited the Abyss 1 time.

You collected 89 gold pieces.

Inventory:

Hand Weapons
 a - a +1 spear (weapon)
 b - a +0 hunting sling
Missiles
 d - 2 datura-tipped darts
 e - 2 poisoned darts
 p - 6 javelins
Armour
 h - a +1 pair of gloves (worn)
 l - a +0 ring mail (worn)
Jewellery
 g - a ring of willpower (left hand)
Wands
 r - a wand of light (8)
Scrolls
 f - a scroll of enchant armour
 i - a scroll of fear
 q - a scroll of poison {unknown}
 s - a scroll of amnesia
 t - a scroll of identify
Potions
 c - 3 potions of mutation
 j - a potion of heal wounds {unknown}
 k - 5 potions of curing
 m - a potion of brilliance
 n - a potion of degeneration {unknown}
 o - 2 potions of lignification {unknown}


   Skills:
 + Level 3.6 Fighting
 * Level 3.3 Polearms
 - Level 1.7 Armour
 - Level 0.8 Dodging
 + Level 2.5 Invocations


You had 2 spell levels left.
You didn't know any spells.
Your spell library contained the following spells:

 Spells                   Type           Power      Damage    Failure   Level
 Call Canine Familiar     Summ           0%         N/A       83%         3
 Portal Projectile        Hex/Tloc       0%         N/A       83%         3
 Animate Armour           Summ/Erth      0%         N/A       99%         4
 Leda's Liquefaction      Hex/Erth       0%         N/A       99%         4
 Blade Hands              Tmut           0%         N/A       100%        5
 Iron Shot                Conj/Erth      0%         9d1       100%        6


Dungeon Overview and Level Annotations

Branches:
Dungeon (3/15)

Altars:

Shops:
D:2 (


Innate Abilities, Weirdness & Mutations

A weak demonic guardian rushes to your aid.
Your movements are slightly less encumbered by armour. (ER -2)


Message History

You hear the slow rusting of a drain very nearby.
Found a scroll of identify.
t - a scroll of identify
Found a scroll of teleportation.
An orc priest comes into view. It is wielding a +0 trident.
The orc priest shouts!
You hear a shout! x2
An orc wizard comes into view. It is wielding a +0 dagger.
The orc wizard shouts!
You hear a shout!
The orc priest mumbles some strange prayers to Beogh against you.
Beogh smites you!
A demonic guardian appears!
An orc comes into view. It is wielding a +0 club.
The orc wizard gestures wildly while chanting.
The orc wizard flickers and vanishes!
Deactivating autopickup; reactivate with Ctrl-A.
The orc priest calls down the wrath of Beogh upon you.
Beogh smites you!
* * * LOW HITPOINT WARNING * * *
You hear an angry hiss.
An orc comes into view. It is wielding a +0 mace.
The orc shouts!
An adder comes into view.
The orc priest hits you but does no damage.
An orc wizard comes into view. It is wielding a +0 dagger.
The orc moves out of view.
You closely miss the orc priest. You punch the orc priest.
The orc priest is lightly wounded.
The orc priest misses you.
You hit the orc priest.
The orc priest is lightly wounded.
The orc priest mumbles some strange prayers to Beogh against you.
You resist with significant effort.
You closely miss the orc priest.
The orc priest is lightly wounded.
The orc priest hits you with a +0 trident.
* * * LOW HITPOINT WARNING * * *
Unknown command.
You barely miss the orc priest.
The orc priest is lightly wounded.
The orc priest hits you with a +0 trident.
You die...

... #..# #..# #..#
#..# .##..##
......#############.#
...............5@ooS#
?.##.#.....#.#####{o#
.....#######.# o#
#.##.# #.# # # #.#
#.# #.# #.#
#.#######.####
#.##.##.........#
........####..#.#


You could see an orc priest (ally target), an orc wizard, an adder, 2 orcs and a
friendly white imp (summoned).

Vanquished Creatures
  An adder (D:2)
  2 worms
  3 dart slugs
  3 ball pythons
  An endoplasm (D:2)
  5 goblins
  3 hobgoblins
  3 jackals (D:1)
  5 kobolds (D:1)
  A quokka (D:2)
  10 bats
  3 frilled lizards
  2 rats (D:1)
42 creatures vanquished.

Vanquished Creatures (collateral kills)
  A goblin (D:3)
1 creature vanquished.

Grand Total: 43 creatures vanquished

Notes
Turn   | Place    | Note
-------+----------+-------------------------------------------
     0 | Abyss:1  | porpoise the Demonspawn Abyssal Knight began the quest for
                  | the Orb.
     0 | Abyss:1  | Reached XP level 1. HP: 18/18 MP: 2/2
     3 | D:1      | Escaped the Abyss
   174 | D:1      | Gained mutation: Your movements are slightly less
                  | encumbered by armour. (ER -2) [demonic ancestry]
   174 | D:1      | Reached XP level 2. HP: 15/24 MP: 3/3
  1003 | D:1      | Reached *** piety under Lugonu
  1004 | D:1      | Gained mutation: A weak demonic guardian rushes to your
                  | aid. [demonic ancestry]
  1004 | D:1      | Reached XP level 3. HP: 26/29 MP: 4/4
  1674 | D:2      | Found Loss's Weapon Emporium.
  2108 | D:3      | Slain by an orc priest

Illustrated notes

Levels and vault maps discovered:
D:1:      dpeg_arrival_rhombi, layout_rooms
D:2:      layout_basic, serial_shops, shop, grunt_decor_fettered
D:3:      layout_loops_ring, gup_sewer_entry_bowl,
          hellmonk_ecumenical_altar_watching_god, minivault_5

Skill      XL: |  1  2  3 |
---------------+----------+-----
Polearms       | 2 3 |  3.3
Fighting       | |  3.6
Armour         | |  1.7
Dodging        | |  0.8
Invocations    | |  2.5

Action                   || total
-------------------------++-------
Melee: Spear             ||   168
       Punch             ||     1
  Use: Scroll            ||     8
 Stab: Sleeping          ||     1
Armor: Leather armour    ||    30
       Ring mail         ||    23
Dodge: Dodged            ||    74

Table legend: (Time is in decaauts)
 A = Elapsed time spent in this place.
 B = Non-inter-level travel time spent in this place.
 C = Inter-level travel time spent in this place.
 D = Time resting spent in this place.
 E = Time spent auto-exploring this place.
 F = Levels seen in this place.
 G = Mean time per level.
                   A        B        C        D        E       F      G
               +--------+--------+--------+--------+--------+-----+--------+
         Total |   2102 |   2042 |     60 |    712 |    767 |   4 |  525.5 |
       Dungeon |   2099 |   2039 |     60 |    712 |    767 |   3 |  699.7 |
         Abyss |      3 |      3 |      0 |      0 |      0 |   1 |    3.0 |
               +--------+--------+--------+--------+--------+-----+--------+

Top non-repeatable levels by time:
     D:1: 1146 daAuts
     D:2: 731 daAuts
     D:3: 221 daAuts
 Abyss:1: 3 daAuts
